 Dungeon Crawl Stone Soup version 0.18-a0-1507-g69458e0 (webtiles) character file.

114 manon the Conjurer (level 4, -9/24 HPs)
             Began as a Gargoyle Wizard on Mar 5, 2016.
             Mangled by Crazy Yiuf
             ... wielding a +4 quarterstaff of chaos
              (14 damage)
             ... on level 2 of the Dungeon.
             The game lasted 00:21:12 (2514 turns).

manon the Conjurer (Gargoyle Wizard)                Turns: 2514, Time: 00:21:12

Health: -9/24      AC:  6    Str: 11    XL:     4   Next: 98%
Magic:  0/8        EV: 11    Int: 19    God:
Gold:   75         SH:  0    Dex:  8    Spells: 2 memorised, 5 levels left

rFire  . . .     SeeInvis .     m - +0 spear
rCold  . . .     Gourm    .     a - +0 robe
rNeg   + . .     Faith    .     (no shield)
rPois  ∞         Spirit   .     b - +0 hat
rElec  +         Dismiss  .     (no cloak)
rCorr  .         Reflect  .     j - +0 pair of gloves
SustAt .         Harm     .     (no boots)
MR     .....                    (no amulet)
Stlth  ++........               (no ring)
                                (no ring)

@: not resistant to hostile enchantments, unstealthy
A: negative energy resistance 1, electricity resistance, unbreathing,
petrification resistance, rot immunity, AC +3
a: no special abilities


You were on level 2 of the Dungeon.
You were not hungry.

You visited 1 branch of the dungeon, and saw 3 of its levels.

You collected 75 gold pieces.

Inventory:

Hand Weapons
 h - a +0 dagger
 m - a +0 spear (weapon)
 q - a +0 whip
Missiles
 k - 12 sling bullets
Armour
 a - a +0 robe (worn)
 b - a +0 hat (worn)
 j - a +0 pair of gloves (worn)
 r - a +2 shield
Scrolls
 e - 2 scrolls of noise {unknown}
 f - a scroll of teleportation {unknown}
 g - 5 scrolls of identify {unknown}
 l - 3 scrolls of magic mapping {unknown}
 n - a scroll of random uselessness {unknown}
 t - a scroll of enchant armour {unknown}
Potions
 o - a potion of degeneration {unknown}
 p - a potion of resistance {unknown}
 s - a potion of cure mutation {unknown}
Books
 c - a book of Minor Magic

   Spells                             Type                      Level
   a - Magic Dart                     Conjuration                  1
   b - Blink                          Translocation                2
   c - Call Imp                       Summoning                    2
   d - Repel Missiles                 Charms/Air                   2
   e - Slow                           Hexes                        2
   f - Conjure Flame                  Conjuration/Fire             3
   g - Mephitic Cloud                 Conjuration/Poison/Air       3
Comestibles
 d - 2 bread rations
 i - a royal jelly
 u - 12 fruits


   Skills:
 - Level 1.5 Dodging
 - Level 2.1 Stealth
 - Level 3.0 Spellcasting
 * Level 5.0 Conjurations
   Level 0.8 Summonings
   Level 0.8 Translocations


You had 5 spell levels left.
You knew the following spells:

 Your Spells              Type           Power        Failure   Level  Hunger
a - Magic Dart            Conj           ###.         1%          1    None
c - Conjure Flame         Conj/Fire      ##......     17%         3    ###....


Dungeon Overview and Level Annotations

Branches:
Dungeon (3/15)

Altars:
Makhleb

Annotations:
D:2 Crazy Yiuf
D:3 Foomius's ghost, weakling DsGl


Innate Abilities, Weirdness & Mutations

You are resistant to torment.
Your stone body is resilient (AC +3).
You are immune to poison.
You resist negative energy.
You are resistant to electric shocks.
You can survive without breathing.
You are immune to petrification.
You are immune to rotting.


Message History

Casting: Magic Dart
Confirm with . or Enter, or press ? or * to list all spells.
Aiming: Magic Dart
Press: ? - help, Shift-Dir - straight line, f/p - Crazy Yiuf
Aim: Crazy Yiuf, wielding a quarterstaff of chaos and wearing an embroidered cloak (heavily wounded)
The magic dart hits Crazy Yiuf.
Crazy Yiuf is heavily wounded.
Crazy Yiuf barely misses you.
You hit Crazy Yiuf.
Crazy Yiuf is heavily wounded.
Crazy Yiuf misses you.
You barely miss Crazy Yiuf.
Crazy Yiuf is heavily wounded.
Crazy Yiuf hits you with a quarterstaff of chaos!
* * * LOW HITPOINT WARNING * * *
You closely miss Crazy Yiuf.
Crazy Yiuf is heavily wounded.
Crazy Yiuf hits you with a quarterstaff of chaos!
Ouch! That really hurt!
You die...

######### #.......########### #
### #.#####.#.......... ## ##∩##
#....##.#.......... .#
##._.##########........<......
.###.†..##....#...###.#..........
..##...###....#.#.....##.......##
..###.##.............>.........#
#..#..##.......g@..............♣
##...##.......#.#####..........♣
###.##.(........# #.........♣♣♣
.#####.......########...........P
.#.###.............##........♣PP.
.#..#.....)....#.#######.....♣♣♣.
..............<#...# #......♣♣♣
####..#####...####.# ######## #
#....# #...#....#####


You could see Crazy Yiuf.

Vanquished Creatures
  A hound (D:2)
  3 adders (D:2)
  An ooze (D:2)
  2 dart slugs
  2 giant geckos (D:1)
  5 giant cockroaches
  6 goblins
  6 hobgoblins
  9 kobolds
  A quokka (D:2)
  4 bats
  4 giant newts
  2 rats
46 creatures vanquished.

Notes
Turn   | Place    | Note
--------------------------------------------------------------
     0 | D:1      | manon the Gargoyle Wizard began the quest for the Orb.
     0 | D:1      | Reached XP level 1. HP: 10/10 MP: 4/4
   160 | D:1      | Reached skill level 2 in Conjurations
   215 | D:1      | Reached XP level 2. HP: 13/15 MP: 0/6
  1099 | D:2      | Reached skill level 3 in Conjurations
  1143 | D:2      | Reached XP level 3. HP: 17/19 MP: 0/7
  1287 | D:2      | Found a faded altar to an unknown god.
  1317 | D:2      | Found a burning altar of Makhleb.
  1323 | D:2      | Reached skill level 4 in Conjurations
  1323 | D:2      | Reached XP level 4. HP: 24/24 MP: 1/8
  1522 | D:2      | Learned a level 3 spell: Conjure Flame
  1632 | D:3      | Noticed Foomius's ghost (weakling DsGl)
  2402 | D:2      | Reached skill level 5 in Conjurations
  2472 | D:2      | Noticed Crazy Yiuf
  2514 | D:2      | Mangled by Crazy Yiuf

Vault maps used:
D:1:      dpeg_arrival_long_road
D:2:      serial_forest, infiniplex_forest_corner_2,
          infiniplex_forest_clump_tiny, infiniplex_forest_clump_cross,
          infiniplex_forest_straight_4, infiniplex_forest_clump_curved,
          infiniplex_forest_side_room, ecumenical_altar_1, dk_vineyard_3,
          makhleb_blood_cavern_becter, uniq_crazy_yiuf_cottage
D:3:      minmay_misc_feat_plants

Skill      XL: |  1  2  3  4 |
---------------+-------------+-----
Conjurations   | 2 3 4 5 |  5.0
Dodging        | |  1.5
Stealth        | |  2.1
Spellcasting   | |  3.0
Summonings     | |  0.8
Translocations | |  0.8

Action                   |  1- 3 |  4- 6 || total
-------------------------+-------+-------++-------
Melee: Dagger            |    10 |       ||    10
       Spear             |       |    14 ||    14
 Cast: Magic Dart        |    63 |    71 ||   134
       Conjure Flame     |       |     1 ||     1
  Eat: Chunk             |     1 |     4 ||     5
